 Dungeon Crawl Stone Soup version 0.29.0-4-gdea44cf6ec (webtiles) character file.

Game seed: 5172241981382429822

110 apoch the Chopper (level 4, -5/39 HPs)
             Began as a Hill Orc Fighter on Aug 27, 2022.
             Was an Elder of Ignis.
             Killed by divine providence
             ... invoked by an orc priest
              (14 damage)
             ... on level 3 of the Dungeon.
             The game lasted 00:04:06 (1733 turns).

apoch the Chopper (Hill Orc Fighter)                Turns: 1733, Time: 00:04:07

Health: -5/39      AC: 13    Str: 20    XL:     4   Next: 91%
Magic:  4/4        EV:  9    Int:  8    God:    Ignis [****..]
Gold:   162        SH:  4    Dex: 10    Spells: 3/3 levels left

rFire   + . .      SeeInvis .   a - +0 war axe
rCold   . . .      Faith    .   c - +0 buckler
rNeg    . . .      Spirit   .   b - +0 scale mail
rPois   .          Reflect  .   (no helmet)
rElec   .          Harm     .   (no cloak)
rCorr   .          Rampage  .   (no gloves)
Will    .....                   (no boots)
Stlth   ..........              (no amulet)
HPRegen 0.13/turn               (no ring)
MPRegen 0.09/turn               (no ring)

@: fiery-armoured
A: no striking features
a: Renounce Religion, Convert to Beogh, Fiery Armour, Foxfire Swarm


You were on level 3 of the Dungeon.
You worshipped Ignis.
Ignis was greatly pleased with you.
You visited 1 branch of the dungeon, and saw 3 of its levels.

You collected 162 gold pieces.

Inventory:

Hand Weapons
 a - a +0 war axe (weapon)
Armour
 b - a +0 scale mail (worn)
 c - a +0 buckler (worn)
Scrolls
 e - a scroll of enchant armour {unknown}
 f - a scroll of immolation {unknown}
 i - 2 scrolls of identify {unknown}
 k - a scroll of noise {unknown}
 l - a scroll of brand weapon {unknown}
 n - a scroll of fear {unknown}
 o - 2 scrolls of teleportation {unknown}
 p - a scroll of acquirement {unknown}
Potions
 d - a potion of might
 g - a potion of brilliance {unknown}
 h - 3 potions of attraction {unknown}
 j - a potion of flight {unknown}
 m - 2 potions of haste {unknown}
 q - 2 potions of mutation {unknown}


   Skills:
 - Level 3.6 Fighting
 + Level 6.5 Axes
 - Level 3.2 Armour
 - Level 3.2 Shields


You had 3 spell levels left.
You didn't know any spells.
Your spell library contained the following spells:

 Spells                   Type           Power      Damage    Failure   Level
 Beastly Appendage        Tmut           0%         N/A       85%         1
 Blink                    Tloc           0%         N/A       94%         2
 Wereblood                Tmut           0%         N/A       94%         2
 Spider Form              Tmut/Pois      0%         N/A       99%         3
 Manifold Assault         Tloc           0%         N/A       100%        5
 Storm Form               Tmut/Air       0%         N/A       100%        7


Dungeon Overview and Level Annotations

Branches:
Dungeon (3/15)

Altars:
Ignis


Message History

You completely miss the orc.
The orc priest shouts, "Surrender to Beogh and we'll let you live!"
You hit the orc priest. You hit the orc but do no damage.
The orc priest shouts, "Beogh is our master!
Accept the truth or die!"
The orc priest barely misses you.
The orc priest calls upon Beogh to heal the orc priest.
The orc priest is healed somewhat.
The orc hits you with a +0 trident.
* * * LOW HITPOINT WARNING * * *
The orc is burned by your cloak of flames.
The orc is moderately wounded.
The orc hits you with a +0 club.
* * * LOW HITPOINT WARNING * * *
The orc is burned by your cloak of flames.
The orc is almost dead.
The orc hits you but does no damage.
The orc is burned by your cloak of flames.
You kill the orc!
The orc barely misses you.
The orc priest hits you but does no damage.
The orc priest is burned by your cloak of flames.
The orc priest is heavily wounded.
Activating: Foxfire Swarm
Press: ? - help, Dir - look around, f - activate Flames leap up around you!
You block the orc's attack. The orc priest closely misses you.
The orc barely misses you.
Unknown command.
Your foxfire dissipates!
The foxfire hits the orc priest but does no damage.
The orc priest is heavily wounded.
The foxfire hits the orc but does no damage.
The orc barely misses you.
The orc priest threatens, "By the altar or by the axe, you will meet Beogh!"
Your foxfire dissipates!
The foxfire hits the orc.
You kill the orc!
You barely miss the orc. The orc closely misses you.
You completely miss the orc.
The orc priest invokes the aid of Beogh against you.
Beogh smites you!
You die...

##.... ....>
.###.... . ..... #
##. #oo. #. #..
#..# .#.. #.#
#.o## ....#
#.###o..#
#....##.#@oo#v#
#[[......### #
#....#..###
#....#..# #.#
#.#..# #... #.#..#
#....#...## #####
#........# #...#
#........#####...#


You could see 2 orc priests and 2 orcs.

Vanquished Creatures
  An orc priest (D:3)
  Robin (D:2)
  An adder (D:2)
  3 orcs (D:3)
  3 ball pythons (D:1)
  5 endoplasms
  2 giant cockroaches
  16 goblins
  4 hobgoblins
  4 bats
  3 frilled lizards
  5 kobolds
  3 rats
51 creatures vanquished.

Vanquished Creatures (others)
  3 foxfires (D:3)
3 creatures vanquished.

Grand Total: 54 creatures vanquished

Notes
Turn   | Place    | Note
-------+----------+-------------------------------------------
     0 | D:1      | apoch the Hill Orc Fighter began the quest for the Orb.
     0 | D:1      | Reached XP level 1. HP: 19/19 MP: 1/1
    31 | D:1      | Reached skill level 3 in Axes
    47 | D:1      | Reached XP level 2. HP: 26/26 MP: 2/2
   118 | D:1      | Reached skill level 4 in Axes
   250 | D:1      | Found a faded altar of an unknown god.
   318 | D:1      | Prayed at the altar of an unknown god.
   318 | D:1      | Became a worshipper of Ignis, the Dying Flame
   618 | D:1      | Reached XP level 3. HP: 31/31 MP: 3/3
  1085 | D:2      | Reached skill level 5 in Axes
  1313 | D:2      | Noticed Robin
  1514 | D:2      | Reached XP level 4. HP: 36/39 MP: 4/4
  1516 | D:2      | Killed Robin
  1726 | D:3      | Reached skill level 6 in Axes
  1733 | D:3      | Killed from afar by an orc priest

Illustrated notes

Levels and vault maps discovered:
D:1:      psy_arrival_statuary, layout_basic,
          shapermc_ecumenical_altar_starsandcircs
D:2:      layout_basic, uniq_robin
D:3:      layout_rooms, minitemple, minmay_misc_feat_cross,
          mrwooster_statue_mirror, st_stairs_3, chequers_serial_rivers_marsh,
          dk_noncrumbling_3

Skill      XL: |  1  2  3  4 |
---------------+-------------+-----
Axes           | 3 4 5 6 |  6.5
Fighting       | |  3.6
Armour         | |  3.2
Shields        | |  3.2

Action                   |  1- 3 |  4- 6 || total
-------------------------+-------+-------++-------
Melee: War axe           |    92 |     9 ||   101
Throw: Stone             |    20 |       ||    20
       Dart              |     6 |       ||     6
Invok: Fiery Armour      |     2 |     1 ||     3
       Rising Flame      |     1 |       ||     1
       Foxfire Swarm     |       |     1 ||     1
Armor: Scale mail        |    43 |     6 ||    49
Dodge: Dodged            |    44 |    13 ||    57
Block: Buckler           |    13 |     4 ||    17
